 Dungeon Crawl Stone Soup version 0.29-a0-297-g7659ce593d (webtiles) character file.

Game seed: 1139641251130068479

231 kae the Firebug (level 6, 0/35 HPs)
             Began as a Tengu Fire Elementalist on Mar 20, 2022.
             Succumbed to a scorpion's poison
             ... on level 5 of the Dungeon.
             The game lasted 00:04:04 (4810 turns).

kae the Firebug (Tengu Fire Elementalist)           Turns: 4810, Time: 00:04:04

Health: 0/35       AC:  3    Str:  9    XL:     6   Next: 4%
Magic:  10/11      EV: 18    Int: 17    God:
Gold:   183        SH:  0    Dex: 14    Spells: 5/11 levels left

rFire   . . .      SeeInvis .   n - +0 falchion (vorpal)
rCold   . . .      Faith    .   w - orb {guile}
rNeg    + . .      Spirit   .   a - +0 robe
rPois   .          Reflect  .   (helmet restricted)
rElec   .          Harm     .   (no cloak)
rCorr   .          Rampage  .   l - +0 pair of gloves
Will    .....                   (boots unavailable)
Stlth   ++........              k - amulet of magic regeneration
HPRegen 0.11/turn               i - ring of positive energy
MPRegen 0.52/turn               g - +4 ring of evasion

@: lethally poisoned (0 -> -4), flying quickly and evasively, quick
A: beak, talons 3, nimble flight
a: no special abilities


You were on level 5 of the Dungeon.
You visited 1 branch of the dungeon, and saw 5 of its levels.

You collected 183 gold pieces.

Inventory:

Hand Weapons
 n - a +0 vorpal falchion (weapon)
Armour
 a - a +0 robe (worn)
 l - a +0 pair of gloves (worn)
 o - a +1 pair of boots of rampaging
 w - an orb of guile (worn)
Jewellery
 e - an amulet of regeneration
 g - a +4 ring of evasion (right hand)
 i - a ring of positive energy (left hand)
 k - an amulet of magic regeneration (around neck)
 x - a +6 ring of strength
 y - an amulet of faith
Scrolls
 d - a scroll of fog
 f - a scroll of enchant armour {unknown}
 j - a scroll of enchant weapon {unknown}
 m - a scroll of blinking {unknown}
 p - 3 scrolls of identify
 s - a scroll of teleportation
 t - a scroll of vulnerability {unknown}
 u - a scroll of amnesia {unknown}
 v - 2 scrolls of brand weapon {unknown}
 A - a scroll of magic mapping {unknown}
Potions
 b - a potion of magic
 c - 2 potions of mutation
 h - a potion of degeneration {unknown}
 q - 2 potions of curing {unknown}
 r - a potion of ambrosia {unknown}
 z - a potion of flight {unknown}


   Skills:
 + Level 2.2 Fighting
 - Level 2.1 Dodging
 - Level 2.0 Stealth
 + Level 3.0 Spellcasting
 + Level 3.5 Conjurations
 * Level 5.1 Fire Magic


You had 5 spell levels left.
You knew the following spells:

 Your Spells              Type           Power      Damage    Failure   Level
a - Foxfire               Conj/Fire      68%        2x1d7     3%          1
b - Scorch                Fire           40%        2d7       3%          2
c - Conjure Flame         Conj/Fire      17%        6-21      9%          3

Your spell library contained the following spells:

 Spells                   Type           Power      Damage    Failure   Level
 Inner Flame              Hex/Fire       11%        N/A       19%         3
 Stone Arrow              Conj/Erth      16%        3d8       26%         3
 Flame Wave               Conj/Fire      17%        2d6       28%         4
 Animate Armour           Summ/Erth      4%         N/A       86%         4
 Lehudib's Crystal Spear  Conj/Erth      4%         10d3      100%        8


Dungeon Overview and Level Annotations

Branches:
Dungeon (5/15)
 Temple: D:4-7

Altars:
Fedhas

Annotations:
D:3 2 transporters, exclusion: ogre, Tenar's ghost, amateur DsEE


Innate Abilities, Weirdness & Mutations

You have a beak for a mouth.
You have claws for feet.
Your magical nature lets you fly swiftly and evasively.


Message History

The scorpion stings you but does no damage.
Casting: Foxfire (safe; 3% risk of failure)
Confirm with . or Enter, or press ? or * to list all spells.
Flames lash the scorpion.
The scorpion is severely wounded.
The scorpion's fire resistance burns away.
You feel very sick. The scorpion stings you.
You are lethally poisoned!
The scorpion poisons you!
You feel very sick. The scorpion closely misses you.
Casting: Scorch (safe; 3% risk of failure)
Confirm with . or Enter, or press ? or * to list all spells.
Flames lash the scorpion.
The scorpion is burned terribly!
You kill the scorpion!
You feel very sick.
Your Spellcasting skill increases to level 3!
Your Fire Magic skill increases to level 5!
You have reached level 6!
* * * LOW HITPOINT WARNING * * *
You feel very sick.
There is an open door here.
* * * LOW HITPOINT WARNING * * *
You feel sick.
You reach down and close the door.
* * * LOW HITPOINT WARNING * * *
You feel very sick.
Okay, then.
Okay, then.
Okay, then.
Keep disrobing?
* * * LOW HITPOINT WARNING * * *
You feel sick.
You start removing your amulet.
You continue taking off your amulet of magic regeneration.
* * * LOW HITPOINT WARNING * * *
You feel sick.
You continue taking off your amulet of magic regeneration.
You die...

#........ ######+#........
................
................
!...............
..............$.
........†...[...
########+############ .....
.......@..#....'...# ......
..........#....#...#
#......+..........#....#...#
#......#....##...#######...#
##......#....
#...#.....#...# ........#...
#...#.....#...# ........#..
#...#...(.#...# <.......#
#†..#.....#...# ........+
#...#.....#...#


There were no monsters in sight!

Vanquished Creatures
  A scorpion (D:5)
  Jessica (D:3)
  An iguana (D:5)
  4 gnolls
  An adder (D:4)
  A worm (D:3)
  A dart slug (D:1)
  8 orcs
  7 bats
  4 endoplasms
  A giant cockroach (D:4)
  2 goblins
  7 hobgoblins
  A jackal (D:2)
  3 quokkas
  4 ball pythons
  5 frilled lizards
  6 kobolds
  2 rats (D:1)
60 creatures vanquished.

Vanquished Creatures (collateral kills)
  2 foxfires (D:4)
2 creatures vanquished.

Vanquished Creatures (others)
  177 foxfires
  6 plants (D:1)
183 creatures vanquished.

Grand Total: 245 creatures vanquished

Notes
Turn   | Place    | Note
-------+----------+-------------------------------------------
     0 | D:1      | kae the Tengu Fire Elementalist began the quest for the
                  | Orb.
     0 | D:1      | Reached XP level 1. HP: 10/10 MP: 4/4
   348 | D:1      | Reached XP level 2. HP: 16/16 MP: 1/6
  1253 | D:1      | Reached skill level 1 in Fighting
  1253 | D:1      | Reached XP level 3. HP: 6/20 MP: 0/7
  1719 | D:1      | Found a faded altar of an unknown god.
  1815 | D:1      | Learned a level 2 spell: Scorch
  1819 | D:1      | Learned a level 3 spell: Conjure Flame
  2560 | D:2      | Reached skill level 4 in Fire Magic
  3078 | D:3      | Reached XP level 4. HP: 25/25 MP: 1/8
  3228 | D:3      | Noticed Jessica
  3231 | D:3      | Killed Jessica
  3370 | D:3      | Found a transporter.
  3373 | D:3      | Noticed Tenar's ghost (amateur DsEE)
  3378 | D:3      | Found a transporter.
  3645 | D:3      | Noticed an ogre
  3921 | D:4      | Found a blossoming altar of Fedhas.
  4405 | D:4      | Gained mutation: Your magical nature lets you fly swiftly
                  | and evasively. [Tengu growth]
  4405 | D:4      | Reached XP level 5. HP: 27/30 MP: 5/10
  4587 | D:5      | Entered Level 5 of the Dungeon
  4631 | D:5      | Noticed an ice beast
  4805 | D:5      | Reached skill level 5 in Fire Magic
  4805 | D:5      | Reached XP level 6. HP: 12/35 MP: 7/11
  4809 | D:5      | HP: 1/35 [poisoned by a scorpion]
  4810 | D:5      | Succumbed to a scorpion's poison

Illustrated notes

Levels and vault maps discovered:
D:1:      wander_arrival_chamber, layout_basic,
          dilly_ecumenical_altar_fadedgnrine
D:2:      layout_loops_corners, minmay_indecisive_spiral
D:3:      layout_basic, gammafunk_ghost_mausoleum, dreamdust_princess_corridor,
          kennysheep_jessica_study
D:4:      layout_basic, fedhas_ov_isle_minmay
D:5:      layout_gridville

Skill      XL: |  1  2  3  4  5 |
---------------+----------------+-----
Fighting       | 1 2 |  2.2
Conjurations   | 2 3 |  3.5
Fire Magic     | 4 5 |  5.1
Spellcasting   | 3 |  3.0
Dodging        | |  2.1
Stealth        | |  2.0

Action                   |  1- 3 |  4- 6 || total
-------------------------+-------+-------++-------
Melee: Unarmed           |    52 |       ||    52
       Kick              |    21 |     2 ||    23
       Peck              |    11 |     2 ||    13
       Punch             |     2 |       ||     2
       Falchion          |       |     7 ||     7
 Cast: Foxfire           |    66 |    39 ||   105
       Scorch            |     5 |     5 ||    10
       Conjure Flame     |     1 |       ||     1
  Use: Scroll            |     4 |       ||     4
 Stab: Sleeping          |     1 |       ||     1
Armor: Robe              |     9 |     1 ||    10
Dodge: Dodged            |    38 |    13 ||    51

Table legend: (Time is in decaauts)
 A = Elapsed time spent in this place.
 B = Non-inter-level travel time spent in this place.
 C = Inter-level travel time spent in this place.
 D = Time resting spent in this place.
 E = Time spent auto-exploring this place.
 F = Levels seen in this place.
 G = Mean time per level.
                   A        B        C        D        E       F      G
               +--------+--------+--------+--------+--------+-----+--------+
         Total |   4785 |   4615 |    170 |    236 |   3730 |   5 |  957.0 |
       Dungeon |   4785 |   4615 |    170 |    236 |   3730 |   5 |  957.0 |
               +--------+--------+--------+--------+--------+-----+--------+

Top non-repeatable levels by time:
     D:1: 1890 daAuts
     D:2: 1144 daAuts
     D:3: 887 daAuts
     D:4: 671 daAuts
     D:5: 192 daAuts
